TOP OF THE 1ST |
Washington (APP) Nationals batting - Pitching for Missoula Osprey : RHP John Palumbo
|
Pitching: RHP John Palumbo
|
|
Batting: RHB Bobby Bricker
|
0-0: Called Strike 0-1: Called Strike 0-2: Ball 1-2: Foul Ball, location: 2F 1-2: Ball 2-2: Foul Ball, location: 2F 2-2: Foul Ball, location: 2F 2-2: Strikes out swinging
|
Batting: RHB Chad Madsen
|
0-0: Called Strike 0-1: Swinging Strike 0-2: Strikes out looking
|
Batting: RHB Gregg Huddleston
|
0-0: Called Strike 0-1: Ball 1-1: Called Strike 1-2: Strikes out swinging
|
Top of the 1st over - 0 runs, 0 hits, 0 errors, 0 left on base; Washington (APP) 0 - Missoula 0 |
BOTTOM OF THE 1ST |
Missoula Osprey batting - Pitching for Washington (APP) Nationals : RHP Greg Hall
|
Pitching: RHP Greg Hall
|
|
Batting: SHB Roger Holmes
|
0-0: Ball 1-0: Called Strike 1-1: Foul Ball, location: 2F 1-2: Ball 2-2: Foul Ball, location: 2F 2-2: Strikes out looking
|
Batting: RHB Antonio Luisa
|
0-0: Ball 1-0: Ball 2-0: Ball 3-0: Called Strike 3-1: Base on Balls
|
Batting: SHB Evan Armagost
|
0-0: Ball 1-0: Foul Ball, location: 2F 1-1: Ball 2-1: Foul Ball, location: 2F 2-2: Ball 3-2: Base on Balls Antonio Luisa to second
|
Batting: SHB Blaine Peters
|
0-0: Ball 1-0: Ball Balk! Antonio Luisa to third Evan Armagost to second 2-0: Ball 3-0: Called Strike 3-1: Base on Balls
|
Pitching: RHP Matt Norris
|
|
Batting: RHB Paul Schreiber
|
0-0: Ball 1-0: Foul Ball, location: 2F 1-1: Ball 2-1: Ball 3-1: Base on Balls Antonio Luisa scores Evan Armagost to third Blaine Peters to second
|
Batting: LHB Enrique Ponce
|
0-0: Called Strike 0-1: Ball 1-1: TRIPLE (Flyball, 89XD, EV 99.4 MPH) Evan Armagost scores Blaine Peters scores Paul Schreiber scores
|
Batting: RHB Ernesto Zamora
|
0-0: Ball 1-0: Ball 2-0: Ball 3-0: Called Strike 3-1: Called Strike 3-2: Base on Balls
|
Batting: SHB Lee Dillon
|
0-0: SINGLE (Groundball, 4MD, EV 99.4 MPH) Enrique Ponce scores Ernesto Zamora to second
|
Batting: RHB Zach Espinosa
|
0-0: Ball 1-0: Ball 2-0: Ball 3-0: Called Strike 3-1: Base on Balls Ernesto Zamora to third Lee Dillon to second
|
Pitching: RHP Nate Vandergriff
|
|
Batting: SHB Roger Holmes
|
0-0: Swinging Strike 0-1: Foul Ball, location: 2F 0-2: Ball Wild Pitch! Ernesto Zamora scores Lee Dillon to third Zach Espinosa to second 1-2: Ball 2-2: Foul Ball, location: 2F 2-2: Ball 3-2: Foul Ball, location: 2F 3-2: 3-RUN HOME RUN (Flyball, 89XD, EV 98.1 MPH), Distance : 388 ft
|
Batting: RHB Antonio Luisa
|
0-0: DOUBLE (Flyball, 9LD, EV 115.0 MPH)
|
Batting: SHB Evan Armagost
|
0-0: Swinging Strike 0-1: Foul Ball, location: 2F 0-2: Ball 1-2: Foul Ball, location: 2F 1-2: Ball 2-2: Ball 3-2: Base on Balls
|
Batting: SHB Blaine Peters
|
0-0: Ball 1-0: Ball 2-0: Ball 3-0: Base on Balls Antonio Luisa to third Evan Armagost to second
|
Pitching: RHP Cheng-ho Tai
|
|
Batting: RHB Paul Schreiber
|
0-0: Swinging Strike 0-1: Called Strike 0-2: Ball 1-2: Strikes out swinging
|
Batting: LHB Enrique Ponce
|
0-0: Ball 1-0: Ball 2-0: Foul Ball, location: 2F 2-1: Called Strike 2-2: SINGLE (Groundball, 34D, EV 96.2 MPH) Antonio Luisa scores Evan Armagost to third Blaine Peters to second Runner from 3rd tries for Home, SAFE, throw by RF to home
|
Batting: RHB Ernesto Zamora
|
0-0: Fly out, F7 (Flyball, 78M, EV 80.6 MPH)
|
Bottom of the 1st over - 11 runs, 5 hits, 0 errors, 2 left on base; Washington (APP) 0 - Missoula 11 |
TOP OF THE 2ND |
Washington (APP) Nationals batting - Pitching for Missoula Osprey : RHP John Palumbo
|
Batting: RHB Antonio Vallez
|
0-0: Ball 1-0: Called Strike 1-1: Foul Ball, location: 2F 1-2: Foul Ball, location: 2F 1-2: Strikes out looking
|
Batting: RHB Justin Davenport
|
0-0: Ball 1-0: SINGLE (Groundball, 4MD, EV 105.6 MPH)
|
Batting: LHB Jim Weidman
|
0-0: Called Strike Justin Davenport steals 2nd base (no throw) 0-1: Ball 1-1: Swinging Strike 1-2: Strikes out swinging
|
Batting: RHB Steve Kunselman
|
0-0: Swinging Strike 0-1: Ground out 6-3 (Groundball, 6, EV 100.0 MPH)
|
Top of the 2nd over - 0 runs, 1 hit, 0 errors, 1 left on base; Washington (APP) 0 - Missoula 11 |
BOTTOM OF THE 2ND |
Missoula Osprey batting - Pitching for Washington (APP) Nationals : RHP Cheng-ho Tai
|
Batting: SHB Lee Dillon
|
0-0: Called Strike 0-1: Foul Ball, location: 2F 0-2: Ball 1-2: Ball 2-2: Ball 3-2: Foul Ball, location: 2F 3-2: Base on Balls
|
Batting: RHB Zach Espinosa
|
0-0: Foul Ball, location: 2F 0-1: Ball Passed Ball! Lee Dillon to second 1-1: Foul Ball, location: 2F 1-2: Foul Ball, location: 2F 1-2: Ball 2-2: Strikes out swinging
|
Pitching: RHP Matt Seivert
|
|
Batting: SHB Roger Holmes
|
0-0: Ground out 4-3 (Groundball, 4M, EV 103.1 MPH) Lee Dillon to third
|
Batting: RHB Antonio Luisa
|
0-0: Ball 1-0: Called Strike 1-1: DOUBLE (Line Drive, 78D, EV 108.8 MPH) Lee Dillon scores
|
Batting: SHB Evan Armagost
|
0-0: Called Strike 0-1: Ball 1-1: Swinging Strike 1-2: SINGLE (Groundball, 6MD, EV 101.2 MPH) Antonio Luisa to third Runner from 3rd tries for Home, SAFE, throw by CF to home Evan Armagost to second
|
Batting: SHB Blaine Peters
|
0-0: Ground out 3-1 (Groundball, 34S, EV 87.5 MPH)
|
Bottom of the 2nd over - 2 runs, 2 hits, 0 errors, 1 left on base; Washington (APP) 0 - Missoula 13 |
TOP OF THE 3RD |
Washington (APP) Nationals batting - Pitching for Missoula Osprey : RHP John Palumbo
|
Batting: RHB Jelexiz Cuenca
|
0-0: Ball 1-0: Ball 2-0: Ball 3-0: Base on Balls
|
Batting: RHB Jason Ewert
|
0-0: Called Strike 0-1: Ball 1-1: Fly out, F3 (Popup, 3F, EV 81.9 MPH)
|
Batting: RHB Bobby Bricker
|
0-0: Ball 1-0: Called Strike 1-1: Swinging Strike 1-2: Foul Ball, location: 2F 1-2: Foul Ball, location: 2F 1-2: Foul Ball, location: 2F 1-2: Ball 2-2: SINGLE (Flyball, 56D, EV 87.5 MPH) Jelexiz Cuenca to second
|
Batting: RHB Chad Madsen
|
0-0: Swinging Strike 0-1: Ball 1-1: Fly out, F8 (Line Drive, 8RM, EV 93.8 MPH)
|
Batting: RHB Gregg Huddleston
|
0-0: Ball 1-0: Foul Ball, location: 2F 1-1: Foul Ball, location: 2F 1-2: Fly out, F8 (Flyball, 8RD, EV 90.6 MPH)
|
Top of the 3rd over - 0 runs, 1 hit, 0 errors, 2 left on base; Washington (APP) 0 - Missoula 13 |
BOTTOM OF THE 3RD |
Missoula Osprey batting - Pitching for Washington (APP) Nationals : RHP Matt Seivert
|
Batting: RHB Paul Schreiber
|
0-0: Ground out 6-3 (Groundball, 6M, EV 78.8 MPH)
|
Batting: LHB Enrique Ponce
|
0-0: Ball 1-0: SINGLE (Line Drive, 9LM, EV 102.5 MPH)
|
Batting: RHB Ernesto Zamora
|
0-0: Ground out 6-3 (Groundball, 56, EV 85.6 MPH) Enrique Ponce to second
|
Batting: SHB Lee Dillon
|
0-0: Ball 1-0: Ball 2-0: Swinging Strike 2-1: Ball 3-1: Base on Balls
|
Pitching: RHP Chris Mosley
|
|
Batting: RHB Zach Espinosa
|
0-0: SINGLE (Flyball, 9S, EV 80.6 MPH) Enrique Ponce to third Lee Dillon to second Runner from 3rd tries for Home, SAFE, throw by RF to home
|
Batting: SHB Roger Holmes
|
0-0: Ball 1-0: Called Strike 1-1: Foul Ball, location: 2F 1-2: Ground out 5-3 (Groundball, 56, EV 103.1 MPH)
|
Bottom of the 3rd over - 1 run, 2 hits, 0 errors, 2 left on base; Washington (APP) 0 - Missoula 14 |
TOP OF THE 4TH |
Washington (APP) Nationals batting - Pitching for Missoula Osprey : RHP John Palumbo
|
Batting: RHB Antonio Vallez
|
0-0: Ball 1-0: Ball 2-0: Called Strike 2-1: Foul Ball, location: 2F 2-2: Foul Ball, location: 2F 2-2: Strikes out swinging
|
Batting: RHB Justin Davenport
|
0-0: Foul Ball, location: 2F 0-1: Ball 1-1: Ball 2-1: Foul Ball, location: 2F 2-2: SOLO HOME RUN (Flyball, 7D, EV 97.5 MPH), Distance : 368 ft
|
Batting: LHB Jim Weidman
|
0-0: Foul Ball, location: 2F 0-1: Foul Ball, location: 2F 0-2: Foul Ball, location: 2F 0-2: Foul Ball, location: 2F 0-2: Ball 1-2: Foul Ball, location: 2F 1-2: Ball 2-2: Foul Ball, location: 2F 2-2: Strikes out swinging
|
Batting: RHB Steve Kunselman
|
0-0: Ball 1-0: Swinging Strike 1-1: Ball 2-1: Ball 3-1: Called Strike 3-2: Strikes out swinging
|
Top of the 4th over - 1 run, 1 hit, 0 errors, 0 left on base; Washington (APP) 1 - Missoula 14 |
BOTTOM OF THE 4TH |
Missoula Osprey batting - Pitching for Washington (APP) Nationals : RHP Chris Mosley
|
Batting: RHB Antonio Luisa
|
0-0: Called Strike 0-1: Foul Ball, location: 2F 0-2: Ball 1-2: Foul Ball, location: 2F 1-2: Strikes out swinging
|
Batting: SHB Evan Armagost
|
0-0: Called Strike 0-1: Foul Ball, location: 2F 0-2: SINGLE (Groundball, 6MS, EV 72.5 MPH) (infield hit)
|
Batting: SHB Blaine Peters
|
0-0: SINGLE (Line Drive, 5L, EV 100.0 MPH) Evan Armagost to second
|
Batting: RHB Paul Schreiber
|
0-0: Called Strike 0-1: Ball 1-1: Ball 2-1: Called Strike 2-2: Fielders Choice at 2nd, 1-4 (Groundball, 15S, EV 75.6 MPH) Evan Armagost to third
|
Pitching: RHP Danny Clarke
|
|
Batting: LHB Enrique Ponce
|
0-0: Ball 1-0: Swinging Strike 1-1: Ball 2-1: Ball 3-1: Base on Balls Paul Schreiber to second
|
Batting: RHB Ernesto Zamora
|
0-0: Ground out 1-3 (Groundball, 15S, EV 68.1 MPH)
|
Bottom of the 4th over - 0 runs, 2 hits, 0 errors, 3 left on base; Washington (APP) 1 - Missoula 14 |
TOP OF THE 5TH |
Washington (APP) Nationals batting - Pitching for Missoula Osprey : RHP John Palumbo
|
Batting: RHB Jelexiz Cuenca
|
0-0: Ball 1-0: Foul Ball, location: 2F 1-1: SINGLE (Line Drive, 34D, EV 94.4 MPH)
|
Batting: RHB Jason Ewert
|
0-0: Fly out, F6 (Popup, 6D, EV 55.6 MPH)
|
Batting: RHB Bobby Bricker
|
0-0: Foul Ball, location: 2F 0-1: Ball 1-1: Called Strike 1-2: Hit by Pitch Jelexiz Cuenca to second
|
Batting: RHB Chad Madsen
|
0-0: Ball 1-0: Swinging Strike 1-1: Ball 2-1: Ball 3-1: Foul Ball, location: 2F 3-2: Foul Ball, location: 2F 3-2: Base on Balls Jelexiz Cuenca to third Bobby Bricker to second
|
Batting: RHB Gregg Huddleston
|
0-0: Ball 1-0: Fly out, F7 (Flyball, 7LD, EV 108.8 MPH) Runner from 3rd tags up, SCORES, no throw by LF
|
Batting: RHB Antonio Vallez
|
0-0: Fly out, F7 (Flyball, 78S, EV 83.1 MPH)
|
Top of the 5th over - 1 run, 1 hit, 0 errors, 2 left on base; Washington (APP) 2 - Missoula 14 |
BOTTOM OF THE 5TH |
Missoula Osprey batting - Pitching for Washington (APP) Nationals : RHP Danny Clarke
|
Batting: SHB Lee Dillon
|
0-0: Ball 1-0: Foul Ball, location: 2F 1-1: Called Strike 1-2: Ball 2-2: Strikes out swinging
|
Batting: RHB Zach Espinosa
|
0-0: Ball 1-0: Swinging Strike 1-1: Swinging Strike 1-2: Strikes out swinging
|
Batting: SHB Roger Holmes
|
0-0: Called Strike 0-1: Ground out 3-1 (Groundball, 34, EV 105.6 MPH)
|
Bottom of the 5th over - 0 runs, 0 hits, 0 errors, 0 left on base; Washington (APP) 2 - Missoula 14 |
TOP OF THE 6TH |
Washington (APP) Nationals batting - Pitching for Missoula Osprey : RHP John Palumbo
|
Batting: RHB Justin Davenport
|
0-0: Foul Ball, location: 2F 0-1: Foul Ball, location: 2F 0-2: Strikes out swinging
|
Batting: LHB Jim Weidman
|
0-0: Called Strike 0-1: Swinging Strike 0-2: Strikes out swinging
|
Batting: RHB Steve Kunselman
|
0-0: Called Strike 0-1: Foul Ball, location: 2F 0-2: Ball 1-2: Fly out, F9 (Flyball, 9D, EV 100.0 MPH)
|
Top of the 6th over - 0 runs, 0 hits, 0 errors, 0 left on base; Washington (APP) 2 - Missoula 14 |
BOTTOM OF THE 6TH |
Missoula Osprey batting - Pitching for Washington (APP) Nationals : RHP Danny Clarke
|
Batting: RHB Antonio Luisa
|
0-0: Ball 1-0: Swinging Strike 1-1: Ball 2-1: Called Strike 2-2: Ball 3-2: Base on Balls
|
Pitching: LHP Johnny Busse
|
|
Batting: SHB Evan Armagost
|
0-0: Called Strike 0-1: Ball Wild Pitch! Antonio Luisa to second 1-1: Ball 2-1: Ball 3-1: Base on Balls
|
Batting: SHB Blaine Peters
|
0-0: Called Strike 0-1: Foul Ball, location: 2F 0-2: Ball 1-2: Foul Ball, location: 2F 1-2: Foul Ball, location: 2F 1-2: Fielders Choice at 2nd, 5-4 (Groundball, 56, EV 83.1 MPH) Antonio Luisa to third
|
Batting: RHB Paul Schreiber
|
0-0: Ball 1-0: Ball 2-0: Reached on error, E2 (Groundball, 2R, EV 68.1 MPH) Antonio Luisa scores Blaine Peters to second
|
Batting: LHB Enrique Ponce
|
0-0: Fielders Choice at 2nd, 4-6 (Groundball, 4, EV 98.8 MPH) Blaine Peters to third
|
Batting: RHB Ernesto Zamora
|
0-0: Ball 1-0: Ball 2-0: Called Strike Pickoff Throw by Catcher to First - Out!
|
Bottom of the 6th over - 1 run, 0 hits, 1 error, 1 left on base; Washington (APP) 2 - Missoula 15 |
TOP OF THE 7TH |
Washington (APP) Nationals batting - Pitching for Missoula Osprey : RHP John Palumbo
|
Pitching: RHP Jeff Whaley
|
|
Batting: RHB Jelexiz Cuenca
|
0-0: Ground out 4-3 (Groundball, 4, EV 98.1 MPH)
|
Batting: RHB Jason Ewert
|
0-0: Swinging Strike 0-1: Ball 1-1: Called Strike 1-2: Ball 2-2: Ball 3-2: Ground out 6-3 (Groundball, 56D, EV 89.4 MPH)
|
Batting: RHB Bobby Bricker
|
0-0: Foul Ball, location: 2F 0-1: SOLO HOME RUN (Flyball, 78XD, EV 106.2 MPH), Distance : 403 ft
|
Batting: RHB Chad Madsen
|
0-0: Ball 1-0: Ground out 6-3 (Groundball, 6, EV 83.1 MPH)
|
Top of the 7th over - 1 run, 1 hit, 0 errors, 0 left on base; Washington (APP) 3 - Missoula 15 |
BOTTOM OF THE 7TH |
Missoula Osprey batting - Pitching for Washington (APP) Nationals : LHP Johnny Busse
|
Pitching: RHP Ramiro Ramirez
|
|
Batting: RHB Ernesto Zamora
|
0-0: Ball 1-0: Swinging Strike 1-1: Fly out, F8 (Flyball, 8LXD, EV 90.0 MPH)
|
Batting: SHB Lee Dillon
|
0-0: Ball 1-0: Called Strike 1-1: Ball 2-1: Ball 3-1: Base on Balls
|
Batting: RHB Zach Espinosa
|
0-0: Foul Ball, location: 2F 0-1: Ball 1-1: Ball 2-1: Swinging Strike 2-2: Ball 3-2: Base on Balls Lee Dillon to second
|
Batting: SHB Roger Holmes
|
0-0: Fielders Choice at 2nd, 5-4 (Groundball, 56S, EV 93.1 MPH) Lee Dillon to third
|
Pinch Hitting: LHB Tae-geun Kwang
|
0-0: Ball 1-0: SINGLE (Groundball, 4MD, EV 100.6 MPH) Lee Dillon scores Roger Holmes to second
|
Batting: SHB Evan Armagost
|
0-0: Ball 1-0: Called Strike 1-1: Foul Ball, location: 2F 1-2: Ball 2-2: Ball 3-2: Foul Ball, location: 2F 3-2: Foul Ball, location: 2F 3-2: SINGLE (Groundball, 56D, EV 96.2 MPH) Roger Holmes to third Tae-geun Kwang to second Roger Holmes scores Tae-geun Kwang to third
|
Pitching: LHP Mike Rosas
|
|
Batting: SHB Blaine Peters
|
0-0: Ball 1-0: Called Strike 1-1: Fly out, F9 (Line Drive, 9, EV 97.5 MPH)
|
Bottom of the 7th over - 2 runs, 2 hits, 0 errors, 2 left on base; Washington (APP) 3 - Missoula 17 |
TOP OF THE 8TH |
Washington (APP) Nationals batting - Pitching for Missoula Osprey : RHP Jeff Whaley
|
Now at 1B: Jonathan Mora
|
|
Batting: RHB Gregg Huddleston
|
0-0: Ball 1-0: Ball 2-0: Called Strike 2-1: Foul Ball, location: 2F 2-2: Foul Ball, location: 2F 2-2: Strikes out swinging
|
Batting: RHB Antonio Vallez
|
0-0: Swinging Strike 0-1: Foul Ball, location: 2F 0-2: Strikes out looking
|
Pitching: RHP Alan Muth
|
|
Batting: RHB Justin Davenport
|
0-0: Called Strike 0-1: Ball 1-1: Foul Ball, location: 2F 1-2: Ball 2-2: Foul Ball, location: 2F 2-2: Ball 3-2: Base on Balls
|
Batting: LHB Jim Weidman
|
0-0: Called Strike 0-1: Called Strike 0-2: Ball 1-2: Strikes out looking
|
Top of the 8th over - 0 runs, 0 hits, 0 errors, 1 left on base; Washington (APP) 3 - Missoula 17 |
BOTTOM OF THE 8TH |
Missoula Osprey batting - Pitching for Washington (APP) Nationals : LHP Mike Rosas
|
Batting: RHB Paul Schreiber
|
0-0: Called Strike 0-1: Ball 1-1: Ball 2-1: Ball 3-1: Foul Ball, location: 2F 3-2: Base on Balls
|
Batting: LHB Enrique Ponce
|
0-0: Ball 1-0: Swinging Strike 1-1: Ball 2-1: Ball 3-1: Base on Balls Paul Schreiber to second
|
Batting: RHB Ernesto Zamora
|
0-0: Ball 1-0: Ball 2-0: Ball 3-0: Called Strike 3-1: Swinging Strike 3-2: Base on Balls Paul Schreiber to third Enrique Ponce to second
|
Batting: SHB Lee Dillon
|
0-0: Ball 1-0: Ball 2-0: Ball 3-0: Base on Balls Paul Schreiber scores Enrique Ponce to third Ernesto Zamora to second
|
Batting: RHB Zach Espinosa
|
0-0: Called Strike 0-1: Ball 1-1: Reached on error, E5 (Groundball, 5L, EV 89.4 MPH) Enrique Ponce scores Ernesto Zamora to third Lee Dillon to second
|
Batting: SHB Roger Holmes
|
0-0: Ball 1-0: Ball 2-0: Called Strike 2-1: GRAND SLAM HOME RUN (Flyball, 7D, EV 94.4 MPH), Distance : 351 ft
|
Batting: RHB Jonathan Mora
|
0-0: SINGLE (Groundball, 6D, EV 101.2 MPH)
|
Batting: SHB Evan Armagost
|
0-0: Called Strike 0-1: Grounds into double play, 4-6-3 (Groundball, 4, EV 83.8 MPH)
|
Batting: SHB Blaine Peters
|
0-0: Ball 1-0: Ball 2-0: Called Strike 2-1: Ball 3-1: Base on Balls
|
Batting: RHB Paul Schreiber
|
0-0: Ball 1-0: Fielders Choice at 2nd, 6-4 (Groundball, 6, EV 106.9 MPH)
|
Bottom of the 8th over - 6 runs, 2 hits, 1 error, 1 left on base; Washington (APP) 3 - Missoula 23 |
TOP OF THE 9TH |
Washington (APP) Nationals batting - Pitching for Missoula Osprey : RHP Alan Muth
|
Batting: RHB Steve Kunselman
|
0-0: Ball 1-0: Ball 2-0: Ball 3-0: Called Strike 3-1: SINGLE (Line Drive, 56, EV 102.5 MPH)
|
Batting: RHB Jelexiz Cuenca
|
0-0: Ball 1-0: Ball 2-0: Foul Ball, location: 2F 2-1: Ball 3-1: Base on Balls Steve Kunselman to second
|
Pitching: RHP Jaylen Hatten
|
|
Batting: RHB Jason Ewert
|
0-0: Ball 1-0: Ball 2-0: Ball 3-0: Base on Balls Steve Kunselman to third Jelexiz Cuenca to second
|
Batting: RHB Bobby Bricker
|
0-0: Ball Passed Ball! Steve Kunselman scores Jelexiz Cuenca to third Jason Ewert to second 1-0: Called Strike 1-1: Ball 2-1: Ball 3-1: Foul Ball, location: 2F 3-2: Strikes out swinging
|
Batting: RHB Chad Madsen
|
0-0: Ball 1-0: Called Strike 1-1: Ball 2-1: SINGLE (Line Drive, 5D, EV 95.0 MPH) Jelexiz Cuenca scores Jason Ewert to third
|
Batting: RHB Gregg Huddleston
|
0-0: Ball 1-0: Ball 2-0: Swinging Strike 2-1: Ball 3-1: Called Strike 3-2: Fly out, F8 (Line Drive, 8LM, EV 103.8 MPH)
|
Pitching: RHP Matt Bailey
|
|
Batting: RHB Antonio Vallez
|
0-0: Ball 1-0: Ball 2-0: 3-RUN HOME RUN (Flyball, 78XD, EV 102.5 MPH), Distance : 382 ft
|
Batting: RHB Justin Davenport
|
0-0: Called Strike 0-1: Ground out 4-3 (Groundball, 4, EV 103.1 MPH)
|
Top of the 9th over - 5 runs, 3 hits, 0 errors, 0 left on base; Washington (APP) 8 - Missoula 23 |
|